[Event "Titled Tuesday Blitz August 1 Early 2023"]
[White "Han, Yichen"]
[Black "Agibileg, Uurtsaikh"]
[WhiteFideId "1054430"]
[BlackFideId "4901606"]
[WhiteElo "2368"]
[BlackElo "2662"]
[Result "0-1"]
[Round "1"]
[TimeControl "180+1"]
[Date "2023.08.01"]
[WhiteClock "0:00:00"]
[BlackClock "0:00:53"]
[Board "133"]

1. d3 Nf6 2. Nf3 g6 3. e4 d6 4. c4 Bg7 5. Nc3 O-O 6. g3 c5 7. Bg2 Nc6 8. O-O Nd4 9. Rb1 Bg4 10. Be3 Nxf3+ 11. Bxf3 Bxf3 12. Qxf3 Nd7 13. Qe2 e6 14. Rfc1 Nb8 15. b4 cxb4 16. Rxb4 b6 17. Rbb1 Nc6 18. Qd2 Ne5 19. Qe2 Rc8 20. Nb5 Qd7 21. f4 Nc6 22. Qf2 f5 23. Nd4 fxe4 24. dxe4 Nxd4 25. Bxd4 e5 26. Be3 exf4 27. gxf4 Qe6 28. Qg2 Rxc4 29. Rxc4 Qxc4 30. Rd1 Re8 31. Rxd6 Qxe4 32. Qxe4 Rxe4 33. Kf2 Ra4 34. Rd2 Kf7 35. Kf3 Ke6 36. Rc2 Bf8 37. h4 Be7 38. h5 gxh5 39. Bf2 Kf5 40. Be3 Ra3 41. Ke2 h4 42. Bd2 h3 43. Rc1 Rxa2 44. Kd3 Bd6 0-1


[Site "https://www.chess.com"]

[Event "Titled Tuesday Blitz August 1 Early 2023"]
[White "Poormosavi, Seyed Kian"]
[Black "Akylbek2021"]
[WhiteFideId "12585807"]
[WhiteElo "2662"]
[BlackElo "2367"]
[Result "1-0"]
[Round "1"]
[TimeControl "180+1"]
[Date "2023.08.01"]
[WhiteClock "0:01:30"]
[BlackClock "0:00:00"]
[Board "134"]

1. Nf3 Nf6 2. g3 b5 3. Bg2 Bb7 4. O-O e6 5. d4 Be7 6. c3 O-O 7. a4 a6 8. axb5 axb5 9. Rxa8 Bxa8 10. Na3 b4 11. Nc4 bxc3 12. bxc3 d6 13. Ba3 Nbd7 14. Qa4 c5 15. Rd1 Nb6 16. Nxb6 Qxb6 17. dxc5 dxc5 18. Ne5 Bxg2 19. Kxg2 Qb7+ 20. Qc6 Qa7 21. Nc4 Nd5 22. e4 Nf6 23. f3 Rb8 24. Rd2 h5 25. h4 Rb3 26. Bb2 Kh7 27. Ne5 Qa2 28. Nd3 c4 29. Qxc4 Ra3 30. Qxa2 Rxa2 31. c4 Ra4 32. Bxf6 Bxf6 33. Rc2 Be7 34. Kf2 Bb4 35. c5 Ba5 36. c6 Bc7 37. Ke3 g6 38. f4 Kg7 39. e5 Kf8 40. Nc5 Ra3+ 41. Kd4 Ra8 42. Rb2 Ke7 43. Rb7 Rc8 44. Na6 Kd8 45. Kc5 Ba5 46. Rxf7 1-0


[Site "https://www.chess.com"]

[Event "Titled Tuesday Blitz August 1 Early 2023"]
[White "Santeramo, Alessia Carmen"]
[Black "Kvaloy, Aksel Bu"]
[WhiteFideId "850810"]
[BlackFideId "1528815"]
[WhiteElo "2366"]
[BlackElo "2659"]
[Result "1-0"]
[Round "1"]
[TimeControl "180+1"]
[Date "2023.08.01"]
[WhiteClock "0:00:50"]
[BlackClock "0:00:00"]
[Board "135"]

1. e4 e5 2. Nf3 Nc6 3. Bb5 a6 4. Ba4 d6 5. O-O Bg4 6. c3 Nf6 7. Re1 Be7 8. h3 Bd7 9. d4 O-O 10. Nbd2 Re8 11. Nf1 Bf8 12. Ng3 g6 13. b4 exd4 14. cxd4 Nxb4 15. Bb3 Be6 16. d5 Bd7 17. a3 Bg7 18. Bb2 a5 19. axb4 axb4 20. e5 dxe5 21. Nxe5 Rf8 22. Rxa8 Qxa8 23. Nxd7 Nxd7 24. Bxg7 Kxg7 25. Qd4+ Kg8 26. Qxb4 Re8 27. Ne4 Qd8 28. d6 cxd6 29. Nxd6 Rxe1+ 30. Qxe1 Qb6 31. Qe8+ Kg7 32. Qxf7+ Kh6 33. Qf4+ Kg7 34. Ne8+ Kh8 35. Qc4 1-0


[Site "https://www.chess.com"]

[Event "Titled Tuesday Blitz August 1 Early 2023"]
[White "benny_aizenberg"]
[Black "Llanos, Guillermo"]
[BlackFideId "100358"]
[WhiteElo "2659"]
[BlackElo "2366"]
[Result "1-0"]
[Round "1"]
[TimeControl "180+1"]
[Date "2023.08.01"]
[WhiteClock "0:00:24"]
[BlackClock "0:00:03"]
[Board "136"]

1. c4 b6 2. d4 Nf6 3. f3 Nc6 4. d5 Ne5 5. e4 e6 6. Nc3 Bb4 7. Qc2 O-O 8. Be3 Re8 9. O-O-O exd5 10. cxd5 d6 11. Bb5 Bd7 12. Nge2 a6 13. Bxd7 Nfxd7 14. Qb3 Bc5 15. Nd4 Bxd4 16. Bxd4 Nc5 17. Qc2 f6 18. Kb1 Qd7 19. Ne2 Qa4 20. Qxa4 Nxa4 21. Nf4 Nc5 22. Bxc5 bxc5 23. Ne6 Re7 24. Rhe1 c6 25. Nf4 cxd5 26. Rxd5 Rd8 27. Red1 Nc4 28. b3 Ne3 29. Rxd6 Rxd6 30. Rxd6 g5 31. Nd5 Nxd5 32. Rxd5 Rc7 33. Rd6 a5 34. Rxf6 c4 35. Rf5 cxb3 36. Rxg5+ Kf7 37. axb3 Rc3 38. Kb2 Re3 39. Ka3 Kf6 40. Rf5+ Ke6 41. Rxa5 Re2 42. Rg5 h6 43. Rg6+ Ke5 44. Rg8 Kd4 45. Kb4 Ra2 46. Rh8 Ra6 47. Kb5 Rg6 48. Rd8+ Ke3 49. e5 Rxg2 50. e6 Rg5+ 51. Kc6 Re5 52. Kd6 Kd4 53. e7 Re1 54. e8=Q 1-0


[Site "https://www.chess.com"]

[Event "Titled Tuesday Blitz August 1 Early 2023"]
[White "Hrbek, Stepan"]
[Black "Tan, Jun Ying"]
[WhiteFideId "393479"]
[BlackFideId "5710413"]
[WhiteElo "2366"]
[BlackElo "2658"]
[Result "0-1"]
[Round "1"]
[TimeControl "180+1"]
[Date "2023.08.01"]
[WhiteClock "0:00:00"]
[BlackClock "0:00:04"]
[Board "137"]

1. e4 g6 2. d4 Bg7 3. Nf3 d6 4. Bc4 Nf6 5. Qe2 O-O 6. e5 Ne8 7. h3 c6 8. O-O Nc7 9. Bg5 Be6 10. Nbd2 h6 11. Bh4 dxe5 12. dxe5 Nd5 13. Bg3 Nd7 14. a3 b5 15. Ba2 Nc7 16. Ne4 Bxa2 17. Rxa2 Ne6 18. Raa1 Qc7 19. Nf6+ Kh8 20. Rad1 Rad8 21. Rd2 Nb6 22. Rfd1 Rxd2 23. Qxd2 Rd8 24. Qe2 Nc4 25. b3 Nxa3 26. Ra1 b4 27. c3 a5 28. Ng4 Qd7 29. Ne3 Qd3 30. Qe1 Qe4 31. cxb4 axb4 32. Bh4 g5 33. Bg3 Nf4 34. Rd1 Rxd1 35. Qxd1 Kh7 36. Qd7 Nxh3+ 37. gxh3 Qxf3 38. Qxe7 Nb1 39. e6 fxe6 40. Qxe6 Nc3 41. Nf5 Ne2+ 42. Kh2 Nf4 0-1


[Site "https://www.chess.com"]

[Event "Titled Tuesday Blitz August 1 Early 2023"]
[White "Arias, Juan Cruz"]
[Black "Gu, Xiaobing"]
[WhiteFideId "118540"]
[BlackFideId "8602611"]
[WhiteElo "2653"]
[BlackElo "2366"]
[Result "1-0"]
[Round "1"]
[TimeControl "180+1"]
[Date "2023.08.01"]
[WhiteClock "0:02:05"]
[BlackClock "0:01:57"]
[Board "138"]

1. d4 Nf6 2. Nf3 d5 3. e3 e6 4. Bd3 c5 5. c3 Nc6 6. O-O b6 7. Nbd2 Bb7 8. Ne5 Be7 9. f4 Nxe5 10. fxe5 Ne4 11. Nxe4 dxe4 12. Bb5+ Kf8 13. Qh5 g6 14. Qh6+ Kg8 15. Bd2 Bf8 16. Qh3 h5 17. Rf6 Bg7 18. Rf2 Rc8 19. Raf1 Rc7 20. Rxf7 Rxf7 21. Qxe6 Qe7 22. Bc4 Qxe6 23. Bxe6 Kh7 24. Rxf7 Ba6 1-0


[Site "https://www.chess.com"]

[Event "Titled Tuesday Blitz August 1 Early 2023"]
[White "Buscar, Michael"]
[Black "Martic, Ivan"]
[WhiteFideId "2603616"]
[BlackFideId "929301"]
[WhiteElo "2365"]
[BlackElo "2651"]
[Result "1-0"]
[Round "1"]
[TimeControl "180+1"]
[Date "2023.08.01"]
[WhiteClock "0:00:19"]
[BlackClock "0:00:13"]
[Board "139"]

1. Nf3 Nf6 2. c4 c6 3. b3 d5 4. Bb2 Bf5 5. d3 e6 6. Nh4 Bg4 7. h3 Bh5 8. g4 Bg6 9. Nxg6 hxg6 10. Bg2 Nbd7 11. Nd2 a5 12. a3 Qb6 13. O-O Be7 14. Nf3 Nc5 15. Bd4 Qxb3 16. cxd5 Qxd1 17. Rfxd1 cxd5 18. Rdb1 Rb8 19. Rb5 b6 20. Ne5 Bd6 21. Rab1 Na4 22. Nc6 Rc8 23. Na7 Rc7 24. Bxb6 Nxb6 25. Rxb6 Rxa7 26. Rxd6 O-O 27. Rdb6 Rc7 28. Rb8 Rc2 29. Bf3 g5 30. Rxf8+ Kxf8 31. Rb8+ Ke7 32. Ra8 e5 33. Ra7+ Ke6 34. Ra6+ Ke7 35. Rxa5 e4 36. dxe4 dxe4 37. Bg2 Rxe2 38. Rxg5 Re1+ 39. Kh2 Re2 40. Kg3 e3 41. Re5+ Kd6 42. Rxe3 Ra2 43. h4 g6 44. Rd3+ Ke7 45. Bf3 Nd7 46. Re3+ Kd6 47. h5 gxh5 48. gxh5 Nf6 49. Rb3 Ra1 50. Rb6+ Ke7 51. Rb3 Kf8 52. h6 Rg1+ 53. Kf4 Rg6 54. Rb8+ Ke7 55. Rb7+ Kf8 56. Rb8+ Ke7 57. Rh8 Kd7 58. a4 Ke7 59. a5 Nd7 60. h7 Rh6 61. Be4 Nf6 62. Bf5 Rh4+ 63. Kg3 Rh5 64. Bd3 Nxh7 65. Rxh7 Rxa5 66. Bc4 Rf5 67. Rxf7+ Rxf7 68. Bxf7 Kxf7 69. Kf4 Kf6 70. f3 Ke7 71. Ke5 Kf7 72. Kf5 Kg7 73. Ke6 Kf8 74. Kf6 Ke8 75. f4 Kf8 76. f5 Kg8 77. Ke7 Kg7 78. f6+ Kh7 79. f7 Kg6 80. f8=Q 1-0


[Site "https://www.chess.com"]

[Event "Titled Tuesday Blitz August 1 Early 2023"]
[White "Skatchkov, Pavel"]
[Black "Tymrakiewicz, Rafal"]
[WhiteFideId "4121848"]
[BlackFideId "1108832"]
[WhiteElo "2651"]
[BlackElo "2365"]
[Result "1/2-1/2"]
[Round "1"]
[TimeControl "180+1"]
[Date "2023.08.01"]
[WhiteClock "0:00:15"]
[BlackClock "0:00:05"]
[Board "140"]

1. d4 Nf6 2. c4 d6 3. Nf3 Nc6 4. Nc3 e5 5. dxe5 Nxe5 6. Nxe5 dxe5 7. Qxd8+ Kxd8 8. Bg5 c6 9. O-O-O+ Kc7 10. e3 Bf5 11. Be2 Bb4 12. a3 Bxc3 13. bxc3 Ne4 14. Be7 Nxc3 15. Bd6+ Kd7 16. Bxe5+ Nxd1 17. Rxd1+ Ke6 18. Bxg7 Rhg8 19. Bc3 Rad8 20. Rg1 Bd3 21. Bh5 Bxc4 22. f4 f5 23. g4 Bd3 24. gxf5+ Bxf5 25. Re1 Be4 26. Be2 b5 27. Bd4 Rg2 28. Bd1 a5 29. Bb3+ Bd5 30. Bc2 h5 31. e4 Bc4 32. Bb6 Rdd2 33. Bd1 Ra2 34. Bd4 c5 35. Bh8 b4 36. f5+ Kf7 37. Bxh5+ Kg8 38. Be5 Rgc2+ 39. Kb1 Bd3 40. Rd1 Rd2+ 41. Kc1 Rac2+ 42. Kb1 Rxd1+ 43. Bxd1 Re2+ 44. Kc1 Rxe4 45. Bd6 Rd4 46. Bxc5 Rc4+ 47. Kd2 Rxc5 48. axb4 axb4 49. Kxd3 Rxf5 50. Bb3+ Kg7 51. Kc4 Rf4+ 52. Kb5 Kf6 53. Bc4 Kg5 54. Kxb4 Kh4 55. Kc3 Kh3 56. Bd5 Kxh2 57. Bc4 Kg3 58. Bb3 Kf2 59. Kb2 Ke3 60. Ka1 Kd4 61. Bc2 Kc3 62. Bb1 Rf1 63. Ka2 Rf2+ 64. Ka1 Rd2 65. Ba2 Rd1+ 66. Bb1 Rc1 67. Ka2 Re1 68. Ka1 Re5 69. Ba2 Rb5 70. Bg8 Rb7 71. Ba2 Kc2 72. Bg8 Rb1+ 73. Ka2 Rb8 74. Bh7+ Kc3 75. Ka1 Rb7 76. Bb1 Ra7+ 77. Ba2 Kb4 78. Kb2 Rg7 79. Bb1 Rg2+ 80. Ka1 Ka3 81. Bh7 Rb2 82. Bb1 Rb7 83. Bg6 Rb4 84. Bb1 Ra4 85. Bc2 Rc4 86. Bb1 Rc3 87. Bg6 Rg3 88. Bb1 Rg2 89. Bh7 Rh2 90. Bb1 Kb3 91. Bg6 Rh1+ 92. Bb1 Rh4 93. Ba2+ Kc2 94. Bb1+ Kc1 95. Ba2 Rb4 96. Bg8 Rb5 97. Ba2 Rb6 98. Bf7 Rb7 99. Bg8 Rc7 100. Ba2 Rb7 101. Bg8 Kc2 102. Ba2 Rg7 103. Bb1+ Kc1 104. Ba2 Rb7 105. Bg8 1/2-1/2


[Site "https://www.chess.com"]

[Event "Titled Tuesday Blitz August 1 Early 2023"]
[White "Li, Hui"]
[Black "Perdomo, Carlos Andres"]
[WhiteFideId "15400310"]
[BlackFideId "4400852"]
[WhiteElo "2363"]
[BlackElo "2649"]
[Result "1-0"]
[Round "1"]
[TimeControl "180+1"]
[Date "2023.08.01"]
[WhiteClock "0:00:50"]
[BlackClock "0:01:10"]
[Board "141"]

1. e4 c5 2. Nf3 e6 3. d4 cxd4 4. Nxd4 Nc6 5. Nc3 Qc7 6. Be2 Nf6 7. O-O a6 8. Be3 Bb4 9. Na4 Nxe4 10. Nxc6 Qxc6 11. Nb6 Rb8 12. Qd4 Be7 13. Bf3 d5 14. Bxe4 O-O 15. Nxc8 Bf6 16. Qxf6 Rbxc8 17. Bxh7+ Kxh7 18. Qh4+ Kg8 19. c3 Qb5 20. Qb4 Qxb4 21. cxb4 e5 22. Bc5 Rfe8 23. Rad1 d4 24. f4 f6 25. Rfe1 Rc6 26. fxe5 fxe5 27. Bxd4 Rc4 28. Bc3 e4 29. Re3 b5 30. Rd4 Rxd4 31. Bxd4 Re7 32. Kf2 Kf7 33. Ke2 Kg6 34. Rg3+ Kf5 35. Rxg7 Re6 36. Ke3 Rc6 37. g4+ Ke6 38. Rg6+ Kd5 39. Rxc6 Kxc6 40. Kxe4 1-0


[Site "https://www.chess.com"]

[Event "Titled Tuesday Blitz August 1 Early 2023"]
[White "Moskvin, Anatoly"]
[Black "kripri"]
[WhiteFideId "24199990"]
[WhiteElo "2647"]
[BlackElo "2363"]
[Result "0-1"]
[Round "1"]
[TimeControl "180+1"]
[Date "2023.08.01"]
[WhiteClock "0:00:04"]
[BlackClock "0:00:13"]
[Board "142"]

1. e4 e6 2. Nf3 d5 3. e5 c5 4. b4 cxb4 5. d4 Nc6 6. a3 bxa3 7. c3 Nge7 8. h4 h5 9. Bd3 Nf5 10. Ng5 Be7 11. Qf3 g6 12. Nxa3 Qa5 13. Bd2 Bxa3 14. O-O b5 15. Bxf5 gxf5 16. Bc1 Bd7 17. Bxa3 Qc7 18. Bd6 Qb7 19. Nh3 a5 20. Nf4 a4 21. Nxh5 Na5 22. Rfb1 Nb3 23. Ra2 Rc8 24. Nf6+ Kd8 25. Qg3 Bc6 26. Qg5 Ra8 27. Rab2 Na5 28. Nxd5+ Kc8 29. Ne7+ Kd7 30. Nxc6 Kxc6 31. Qg3 Nb3 32. Rxb3 axb3 33. Rxb3 Kd7 34. c4 Ra1+ 35. Kh2 Qe4 36. Be7 Kxe7 37. Qg5+ Kd7 38. Rh3 bxc4 39. Qf6 Rh7 40. Qg5 Qe1 41. d5 Qg1+ 42. Kg3 Ra3+ 43. Kf4 Qc1+ 44. Re3 Rxe3 45. fxe3 Qf1+ 46. Kg3 Qe1+ 47. Kh2 Qxh4+ 0-1


[Site "https://www.chess.com"]

[Event "Titled Tuesday Blitz August 1 Early 2023"]
[White "Lopez Del Alamo, Antonio"]
[Black "Lewicki, Miroslaw"]
[WhiteFideId "2227339"]
[BlackFideId "1113380"]
[WhiteElo "2362"]
[BlackElo "2644"]
[Result "0-1"]
[Round "1"]
[TimeControl "180+1"]
[Date "2023.08.01"]
[WhiteClock "0:00:28"]
[BlackClock "0:00:08"]
[Board "143"]

1. e4 c5 2. Nf3 d6 3. d4 cxd4 4. Nxd4 Nf6 5. Nc3 a6 6. Be2 e5 7. Nb3 Be7 8. Be3 O-O 9. g4 Nc6 10. g5 Nd7 11. Qd2 Nc5 12. O-O-O Nxb3+ 13. axb3 Nd4 14. h4 Nxe2+ 15. Qxe2 Be6 16. Kb1 Rc8 17. Nd5 Bxd5 18. Rxd5 f5 19. exf5 Rxf5 20. Rhd1 Qc7 21. c3 Rcf8 22. Qg4 Qc8 23. Qe4 Qe8 24. b4 Qa4 25. Qc2 Qc6 26. Qd3 g6 27. b5 axb5 28. Qxb5 Rf3 29. Qb3 Kg7 30. c4 Rh3 31. c5 dxc5 32. Rd7 Rf7 33. R1d6 Qe4+ 34. Ka2 Rxh4 35. Qe6 Qa4+ 36. Kb1 Rh1+ 37. Bc1 Qe4+ 38. Ka2 Rxc1 39. Qb3 Qb1+ 40. Ka3 Qa1+ 41. Qa2 Qxa2+ 42. Kxa2 Bxd6 43. Rxd6 Rxf2 0-1


[Site "https://www.chess.com"]

[Event "Titled Tuesday Blitz August 1 Early 2023"]
[White "Weishaeutel, Moritz"]
[Black "Yonal, Timur"]
[WhiteFideId "12967300"]
[BlackFideId "44115725"]
[WhiteElo "2642"]
[BlackElo "2360"]
[Result "1-0"]
[Round "1"]
[TimeControl "180+1"]
[Date "2023.08.01"]
[WhiteClock "0:00:44"]
[BlackClock "0:00:00"]
[Board "144"]

1. e4 c5 2. d4 cxd4 3. c3 dxc3 4. Nxc3 e6 5. Nf3 a6 6. Bc4 Qc7 7. Bb3 b5 8. O-O Ne7 9. Re1 Ng6 10. Nd5 Qb7 11. Bg5 h6 12. Rc1 Nc6 13. Be3 a5 14. Bb6 Bd6 15. Be3 exd5 16. Qxd5 Bxh2+ 17. Nxh2 O-O 18. Qh5 Nce7 19. Ng4 a4 20. Bc2 d6 21. Bd4 Bxg4 22. Qxg4 Ne5 23. Qg3 N7c6 24. Be3 b4 25. Bxh6 Ng6 26. Be3 b3 27. axb3 axb3 28. Bxb3 Qxb3 29. Rxc6 Qxb2 30. Rxd6 Qb4 31. Rdd1 Qxe4 32. Bc5 Qc6 33. Bxf8 Kxf8 34. Qd6+ Qxd6 35. Rxd6 Kg8 36. Rd7 f6 37. Rc7 Ne5 38. f4 Ng6 39. g3 Ra2 40. Rd1 Kh7 41. Rdd7 Kh6 42. Rxg7 Kh5 43. g4+ Kh4 44. Rxg6 Kg3 45. Rc3+ 1-0


[Site "https://www.chess.com"]

[Event "Titled Tuesday Blitz August 1 Early 2023"]
[White "Jegorovas, Aleksandras"]
[Black "Timerkhanov, Alexander"]
[WhiteFideId "12801950"]
[BlackFideId "24177938"]
[WhiteElo "2357"]
[BlackElo "2642"]
[Result "0-1"]
[Round "1"]
[TimeControl "180+1"]
[Date "2023.08.01"]
[WhiteClock "0:01:47"]
[BlackClock "0:02:10"]
[Board "145"]

1. d4 d5 2. Bf4 Nf6 3. e3 c5 4. Nf3 Nc6 5. Nbd2 Qb6 6. dxc5 Qxb2 7. Rb1 Qc3 8. Bb5 g6 9. Be5 Qxc5 10. Bxf6 exf6 11. O-O Bg7 12. c4 O-O 13. cxd5 Qxd5 14. Qa4 a6 15. Rfd1 Bf5 16. e4 axb5 17. exd5 bxa4 18. dxc6 Bxb1 19. cxb7 Ra7 20. Rxb1 Rb8 21. h4 Raxb7 22. Rc1 f5 23. Nf1 h6 24. Rc4 Rb4 25. Rc7 Rb2 26. a3 R2b3 27. Ne3 Rxa3 28. Nd5 Ra1+ 29. Kh2 a3 30. h5 a2 31. hxg6 Rh1+ 32. Kxh1 a1=Q+ 33. Kh2 fxg6 0-1


[Site "https://www.chess.com"]

[Event "Titled Tuesday Blitz August 1 Early 2023"]
[White "Taboas Rodriguez, Daniel"]
[Black "Bashirli, Saadat"]
[WhiteFideId "2208466"]
[BlackFideId "13429990"]
[WhiteElo "2640"]
[BlackElo "2356"]
[Result "1-0"]
[Round "1"]
[TimeControl "180+1"]
[Date "2023.08.01"]
[WhiteClock "0:01:25"]
[BlackClock "0:00:38"]
[Board "146"]

1. d4 Nf6 2. Nf3 e6 3. c4 d5 4. Nc3 c6 5. Bg5 Nbd7 6. e3 Bd6 7. Bd3 dxc4 8. Bxc4 b5 9. Bd3 Bb7 10. O-O O-O 11. Ne4 Be7 12. Bxf6 Nxf6 13. Rc1 Qb6 14. Ne5 Rfd8 15. Nxf6+ Bxf6 16. Bxh7+ Kxh7 17. Qh5+ Kg8 18. Qxf7+ Kh7 19. Nd7 Rxd7 20. Qxd7 Rh8 21. Rc5 Kg6 22. Qxe6 Qc7 23. f4 a6 24. Rf3 Bc8 25. Rg5+ 1-0


[Site "https://www.chess.com"]

[Event "Titled Tuesday Blitz August 1 Early 2023"]
[White "Li, Eric"]
[Black "Przybylski, Wojciech"]
[WhiteFideId "30939941"]
[BlackFideId "1117599"]
[WhiteElo "2354"]
[BlackElo "2637"]
[Result "1-0"]
[Round "1"]
[TimeControl "180+1"]
[Date "2023.08.01"]
[WhiteClock "0:02:48"]
[BlackClock "0:00:02"]
[Board "147"]

1. e4 e5 2. Nf3 Nf6 3. Nc3 Bb4 4. Nxe5 O-O 5. Nd3 Bxc3 6. dxc3 Nxe4 7. Be2 d5 8. O-O Nc6 9. Re1 Bf5 10. Bf1 Re8 11. f3 Nf6 12. Bg5 Qd6 13. Qd2 b6 14. Qf4 Qxf4 15. Nxf4 Rxe1 16. Rxe1 Bxc2 17. Bxf6 gxf6 18. Nxd5 Rd8 19. Nxf6+ Kg7 20. Ne8+ Kf8 21. Nxc7 Ne7 22. Nb5 a5 23. Nd4 Bg6 24. Rxe7 Kxe7 25. Nc6+ Kd7 26. Nxd8 Kxd8 27. Kf2 Bb1 28. a3 Ke7 29. Ke3 Kd6 30. Bd3 Ba2 31. Bxh7 f6 32. Bd3 Bf7 33. Kd4 Be8 34. h4 Bc6 35. Be4 Be8 36. g4 Ke6 37. h5 Kf7 38. Bg6+ 1-0


[Site "https://www.chess.com"]

[Event "Titled Tuesday Blitz August 1 Early 2023"]
[White "Hua, Lefong"]
[Black "Topalov, Aleksandar"]
[WhiteFideId "2602253"]
[BlackFideId "925659"]
[WhiteElo "2637"]
[BlackElo "2353"]
[Result "1-0"]
[Round "1"]
[TimeControl "180+1"]
[Date "2023.08.01"]
[WhiteClock "0:02:06"]
[BlackClock "0:01:12"]
[Board "148"]

1. d4 Nf6 2. c4 c5 3. d5 d6 4. Nc3 g6 5. e4 Bg7 6. f4 O-O 7. Nf3 e6 8. Be2 exd5 9. cxd5 Re8 10. Nd2 a6 11. a4 Nbd7 12. O-O Rb8 13. Kh1 Qc7 14. e5 dxe5 15. Nc4 e4 16. f5 Nb6 17. Bf4 Qd8 18. Bxb8 Bxf5 19. Bg3 Nbxd5 20. Nd6 1-0


[Site "https://www.chess.com"]

[Event "Titled Tuesday Blitz August 1 Early 2023"]
[White "Adury, Anant"]
[Black "Komov, Roman"]
[WhiteFideId "30964687"]
[BlackFideId "24175714"]
[WhiteElo "2352"]
[BlackElo "2636"]
[Result "1/2-1/2"]
[Round "1"]
[TimeControl "180+1"]
[Date "2023.08.01"]
[WhiteClock "0:00:07"]
[BlackClock "0:00:14"]
[Board "149"]

1. Nf3 Nf6 2. g3 b6 3. Bg2 Bb7 4. O-O e6 5. d3 d5 6. e4 dxe4 7. Nfd2 Be7 8. Nxe4 Qc8 9. Nxf6+ Bxf6 10. Nc3 Bxg2 11. Kxg2 O-O 12. Ne4 Nd7 13. Nxf6+ Nxf6 14. Qf3 c5 15. Bg5 Nd5 16. h4 Qd7 17. a3 Rac8 18. Rae1 h6 19. Bd2 c4 20. dxc4 Rxc4 21. c3 Rd8 22. Bc1 Rc6 23. Rd1 Rd6 24. Kg1 b5 25. Rfe1 a6 26. Rd3 Nb6 27. Rxd6 Qxd6 28. Bf4 Qd5 29. Qxd5 Rxd5 30. Kf1 Nc4 31. Bc1 Kf8 32. Ke2 Ke7 33. Rd1 Kd6 34. f3 a5 35. b3 Nb6 36. Bf4+ e5 37. Be3 Rxd1 38. Kxd1 Nd5 39. Kd2 a4 40. bxa4 bxa4 41. Bf2 f5 42. c4 Ne7 43. Kd3 Nc6 44. g4 e4+ 45. fxe4 Ne5+ 46. Kd4 f4 47. c5+ Ke6 48. g5 hxg5 49. hxg5 Ng4 50. Bg1 f3 51. c6 f2 52. Bxf2 Nxf2 53. e5 Ng4 54. c7 Kd7 55. Ke4 Kxc7 56. Kf5 Ne3+ 57. Kg6 Nc4 58. e6 Kd6 59. Kf7 Ne5+ 60. Kxg7 Kxe6 61. Kf8 Kd5 62. Ke7 Kc4 63. Ke6 Ng6 64. Kf6 Nh4 65. Ke5 Kb3 66. Kf4 Kxa3 67. Kg4 Ng6 68. Kf5 Ne7+ 69. Ke6 Ng6 70. Kf5 Nh4+ 71. Kg4 Ng6 72. Kf5 1/2-1/2


[Site "https://www.chess.com"]

[Event "Titled Tuesday Blitz August 1 Early 2023"]
[White "Wieczorek, Oskar"]
[Black "Slavin, Alexey"]
[WhiteFideId "1133950"]
[BlackFideId "24104388"]
[WhiteElo "2636"]
[BlackElo "2351"]
[Result "1/2-1/2"]
[Round "1"]
[TimeControl "180+1"]
[Date "2023.08.01"]
[WhiteClock "0:00:06"]
[BlackClock "0:00:02"]
[Board "150"]

1. e4 Nc6 2. Nf3 d6 3. Nc3 Nf6 4. h3 e5 5. d4 Be7 6. d5 Nb8 7. Be3 Nbd7 8. a4 Nf8 9. a5 a6 10. Bc4 Ng6 11. Qd2 O-O 12. O-O Nh5 13. Ne2 h6 14. g4 Nf6 15. Ng3 Nh7 16. Nf5 Bf6 17. Kg2 Ng5 18. Nxg5 Bxg5 19. Ra3 Nf4+ 20. Bxf4 Bxf4 21. Qe2 g6 22. Ng3 Qh4 23. Rh1 Kh7 24. Bd3 Bd7 25. Rb3 Rab8 26. c4 Rh8 27. Bb1 Kg7 28. Rc3 b6 29. axb6 cxb6 30. b4 Rbc8 31. Qa2 Ra8 32. c5 bxc5 33. bxc5 dxc5 34. Rxc5 h5 35. gxh5 Qg5 36. Rc7 Rad8 37. Qe2 gxh5 38. h4 Qg6 39. Rg1 Bg4 40. Qd3 Rc8 41. d6 Rhd8 42. Rxc8 Rxc8 43. Kh2 Rd8 44. Kh1 Qf6 45. Nf5+ Kh7 46. Rxg4 hxg4 47. Ba2 Kg6 48. Kg2 Rh8 49. d7 Rd8 50. Qd5 Qe6 51. Qxe6+ fxe6 52. Bxe6 Kf6 53. Bc4 Rxd7 54. Bxa6 Rd2 55. Kf1 Ra2 56. Be2 Ra4 57. Nd6 Ke6 58. Nb7 Rxe4 59. Nc5+ Kd5 60. Nxe4 Kxe4 61. Bxg4 Bh6 62. f3+ Kf4 63. Ke2 e4 64. fxe4 Kxg4 65. e5 Kxh4 66. e6 Bg5 67. e7 Bxe7 1/2-1/2


[Site "https://www.chess.com"]

[Event "Titled Tuesday Blitz August 1 Early 2023"]
[White "Goswami, Vedant"]
[Black "Manukyan, Sargis A."]
[WhiteFideId "5003725"]
[BlackFideId "13303970"]
[WhiteElo "2351"]
[BlackElo "2634"]
[Result "0-1"]
[Round "1"]
[TimeControl "180+1"]
[Date "2023.08.01"]
[WhiteClock "0:00:14"]
[BlackClock "0:01:19"]
[Board "151"]

1. b3 d5 2. Bb2 e6 3. e4 dxe4 4. Nc3 Nf6 5. f3 exf3 6. Nxf3 Be7 7. Bd3 O-O 8. Qe2 Nc6 9. a3 a5 10. O-O-O a4 11. b4 Nxb4 12. axb4 Bxb4 13. Ne4 Nd5 14. Neg5 h6 15. Nh7 a3 16. Ba1 a2 17. c3 Ba3+ 18. Kc2 Bd7 19. Bb5 Kxh7 20. h4 Qe8 21. Ng5+ Kg8 22. c4 Bxb5 23. cxb5 Nb4+ 24. Kb3 Qd7 25. Qe4 Qd3+ 26. Qxd3 Nxd3 27. Ne4 f5 28. Nc3 Nf2 29. Rdf1 Nxh1 30. Rxh1 Bd6 0-1


[Site "https://www.chess.com"]

[Event "Titled Tuesday Blitz August 1 Early 2023"]
[White "Popilski, Gil"]
[Black "Makhmudov, Shukhrat"]
[WhiteFideId "2809060"]
[BlackFideId "14200775"]
[WhiteElo "2632"]
[BlackElo "2341"]
[Result "1-0"]
[Round "1"]
[TimeControl "180+1"]
[Date "2023.08.01"]
[WhiteClock "0:00:40"]
[BlackClock "0:00:16"]
[Board "152"]

1. e4 e5 2. Nf3 Nc6 3. d4 exd4 4. Nxd4 Bc5 5. Nf5 d5 6. Nxg7+ Kf8 7. Nh5 dxe4 8. Qxd8+ Nxd8 9. Nc3 Bb4 10. Bd2 Bf5 11. Ng3 Ne7 12. O-O-O Ne6 13. Bh6+ Ke8 14. Nd5 Nxd5 15. Rxd5 Bg6 16. h4 c6 17. Rd1 Bc5 18. Rd2 f6 19. h5 Bf7 20. Nxe4 Be7 21. Bc4 f5 22. Nd6+ Bxd6 23. Rxd6 Ke7 24. Rhd1 Rad8 25. R6d2 Bxh5 26. Re1 Rxd2 27. Rxe6+ Kd7 28. Kxd2 Bf7 29. Rxc6 Kxc6 30. Bxf7 Rd8+ 31. Kc3 Rd7 32. Be8 1-0


[Site "https://www.chess.com"]

[Event "Titled Tuesday Blitz August 1 Early 2023"]
[White "Elissalt Cardenas, Hector"]
[Black "Iskusnyh, Sergei"]
[WhiteFideId "3500632"]
[BlackFideId "4120027"]
[WhiteElo "2340"]
[BlackElo "2629"]
[Result "0-1"]
[Round "1"]
[TimeControl "180+1"]
[Date "2023.08.01"]
[WhiteClock "0:00:14"]
[BlackClock "0:00:18"]
[Board "153"]

1. d4 d5 2. c4 c6 3. cxd5 cxd5 4. Bf4 Nf6 5. e3 Nc6 6. Bd3 Bg4 7. Ne2 e6 8. Qb3 Bb4+ 9. Nbc3 O-O 10. O-O a6 11. Rac1 Bd6 12. f3 Bh5 13. Na4 Na5 14. Qb6 Qxb6 15. Nxb6 Rad8 16. Bxd6 Rxd6 17. Nc8 Rd7 18. Nb6 Rd6 19. Nc8 Rdd8 20. Ne7+ Kh8 21. b4 Nc4 22. Bxc4 dxc4 23. Nf4 b5 24. Nc6 Rc8 25. Ne5 Bg6 26. e4 Kg8 27. Kf2 Rfd8 28. Ke3 Nd7 29. Nxd7 Rxd7 30. Rc3 Rcd8 31. Rd1 e5 32. Nd5 exd4+ 33. Rxd4 f5 34. Ne7+ Kf7 35. Rxd7 Rxd7 36. Nd5 fxe4 37. fxe4 Ke6 38. Kd4 Bxe4 39. Kxe4 Rxd5 40. Ra3 Rd6 41. g4 g5 42. h3 Kd7 43. Ke5 Rc6 44. Kd5 c3 0-1


[Site "https://www.chess.com"]

[Event "Titled Tuesday Blitz August 1 Early 2023"]
[White "Malek, Jan"]
[Black "Pavlidou, Ekaterini"]
[WhiteFideId "21864080"]
[BlackFideId "4213262"]
[WhiteElo "2628"]
[BlackElo "2340"]
[Result "1-0"]
[Round "1"]
[TimeControl "180+1"]
[Date "2023.08.01"]
[WhiteClock "0:01:13"]
[BlackClock "0:00:33"]
[Board "154"]

1. c4 e5 2. b3 Nc6 3. Bb2 g6 4. e3 Bg7 5. Nf3 d6 6. h4 h5 7. Ng5 f6 8. Nf3 Nh6 9. Qc2 Bf5 10. d3 Bg4 11. Nbd2 Qd7 12. a3 Nf7 13. b4 Ne7 14. Be2 f5 15. d4 e4 16. Ng1 Bxe2 17. Nxe2 Bh6 18. d5 Ne5 19. Bxe5 dxe5 20. Qc3 Bg7 21. Nf4 O-O 22. Ne6 Rf7 23. Nxg7 Rxg7 24. Qxe5 Rd8 25. Rd1 c6 26. Nb3 cxd5 27. Nc5 Qd6 28. Qc3 Qb6 29. cxd5 Rxd5 30. Rxd5 Nxd5 31. Qe5 Nxb4 32. O-O Nd3 33. Qe8+ Kh7 34. Ne6 Qb2 35. Ng5+ 1-0


[Site "https://www.chess.com"]